1851 views
Uploaded 2023-05-28 23:06:39
Game version 1.36 (6115)
15:56 long 1on1 ladder game on (2)EchoIsles_S2_v2.2
Saved by DKnight
1851 views
Uploaded 2023-05-28 23:06:39
Game version 1.36 (6115)
15:56 long 1on1 ladder game on (2)EchoIsles_S2_v2.2

27 units @ 4.2k
/ 0.6k
12 buildings @ 2k
/ 0.7k


| Rod of Necromancy | 3 | 450 |
| Potion of Healing | 2 | 300 |
| Orb of Corruption | 1 | 375 |
| Potion of Lesser Invulnerability | 1 | 150 |
| total: | 7 | 1275g |
| Acolyte | 8 | 600 | / | 0 |
| Ghoul | 5 | 600 | / | 0 |
| Crypt Fiend | 13 | 2795 | / | 520 |
| Obsidian Statue | 1 | 200 | / | 35 |
| total: | 27 | 4195g | / | 555w |
| Crypt | 1 | 200 | / | 50 |
| Altar of Darkness | 2 | 360 | / | 100 |
| Ziggurat | 4 | 600 | / | 200 |
| Tomb of Relics | 1 | 130 | / | 30 |
| Graveyard | 1 | 215 | / | 0 |
| Necropolis | 1 | 225 | / | 0 |
| Slaughterhouse | 1 | 140 | / | 135 |
| Boneyard | 1 | 175 | / | 200 |
| Halls of the Dead | 1 | 320 | / | 210 |
| Black Citadel | 1 | 325 | / | 230 |
| total: | 12 | 2045g | / | 715w |
| 0:02 | Acolyte |
| 0:02 | Acolyte |
| 0:04 | Crypt |
| 0:13 | Altar of Darkness |
| 0:14 | Altar of Darkness |
| 0:25 | Ziggurat |
| 0:34 | Acolyte |
| 0:53 | Acolyte |
| 0:59 | Tomb of Relics |
| 1:12 | Ghoul |
| 1:27 | Ghoul |
| 1:55 | Ghoul |
| 2:06 | Ziggurat |
| 2:12 | Rod of Necromancy |
| 2:13 | Death Coil |
| 2:45 | Halls of the Dead |
| 3:08 | Graveyard |
| 3:13 | Ghoul |
| 3:44 | Unholy Aura |
| 3:45 | Ghoul |
| 4:49 | Crypt Fiend |
| 4:53 | Rod of Necromancy |
| 5:04 | Ziggurat |
| 6:02 | Black Citadel |
| 6:04 | Potion of Healing |
| 6:08 | Potion of Healing |
| 6:13 | Crypt Fiend |
| 6:47 | Death Coil |
| 6:54 | Slaughterhouse |
| 7:02 | Frost Nova |
| 7:10 | Crypt Fiend |
| 8:01 | Crypt Fiend |
| 8:21 | Crypt Fiend |
| 8:23 | Ziggurat |
| 8:28 | Creature Attack |
| 8:55 | Crypt Fiend |
| 8:57 | Creature Carapace |
| 9:29 | Crypt Fiend |
| 9:35 | Crypt Fiend |
| 9:40 | Dark Ritual |
| 9:40 | Dark Ritual |
| 10:34 | Crypt Fiend |
| 10:35 | Obsidian Statue |
| 10:40 | Unholy Aura |
| 11:03 | Destroyer Form |
| 11:04 | Crypt Fiend |
| 11:33 | Rod of Necromancy |
| 12:06 | Orb of Corruption |
| 12:22 | Web |
| 12:51 | Necropolis |
| 12:52 | Acolyte |
| 13:00 | Potion of Lesser Invulnerability |
| 14:43 | Frost Nova |
| 14:48 | Crypt Fiend |
| 14:55 | Acolyte |
| 14:55 | Acolyte |
| 14:55 | Acolyte |
| 14:56 | Boneyard |
| 15:22 | Death Coil |
| 15:31 | Crypt Fiend |
| 15:40 | Crypt Fiend |
| 15:54 | Dark Ritual |
| Right click | 866 |
| Select group | 660 |
| Select | 333 |
| Misc. action | 164 |
| Build/train/purchase | 76 |
| Assign group | 58 |
| Use ability | 29 |
| Item give/drop | 3 |
| Remove unit | 1 |
50 units @ 6.4k
/ 0.5k
15 buildings @ 2.6k
/ 0.9k



| Rod of Necromancy | 1 | 150 |
| Potion of Healing | 1 | 150 |
| Potion of Mana | 1 | 200 |
| Orb of Corruption | 1 | 375 |
| Scroll of Healing | 1 | 250 |
| Scroll of Town Portal | 1 | 350 |
| Circlet of Nobility | 1 | 175 |
| total: | 7 | 1650g |
| Acolyte | 14 | 1050 | / | 0 |
| Ghoul | 32 | 3840 | / | 0 |
| Frost Wyrm | 4 | 1540 | / | 480 |
| total: | 50 | 6430g | / | 480w |
| Nerubian Tower | 2 | 200 | / | 40 |
| Spirit Tower | 1 | 145 | / | 40 |
| Crypt | 2 | 400 | / | 100 |
| Altar of Darkness | 1 | 180 | / | 50 |
| Ziggurat | 6 | 900 | / | 300 |
| Tomb of Relics | 1 | 130 | / | 30 |
| Necropolis | 2 | 450 | / | 0 |
| Graveyard | 1 | 215 | / | 0 |
| Boneyard | 2 | 350 | / | 400 |
| Halls of the Dead | 1 | 320 | / | 210 |
| Black Citadel | 1 | 325 | / | 230 |
| total: | 15 | 2625g | / | 880w |
| 0:05 | Acolyte |
| 0:10 | Crypt |
| 0:13 | Altar of Darkness |
| 0:27 | Ziggurat |
| 0:43 | Acolyte |
| 0:55 | Tomb of Relics |
| 1:13 | Ghoul |
| 1:22 | Ghoul |
| 1:34 | Ziggurat |
| 1:46 | Ghoul |
| 2:06 | Ghoul |
| 2:13 | Ghoul |
| 2:18 | Sleep |
| 2:23 | Rod of Necromancy |
| 2:29 | Ghoul |
| 2:37 | Acolyte |
| 2:43 | Nerubian Tower |
| 3:09 | Ghoul |
| 3:20 | Ghoul |
| 3:54 | Circlet of Nobility |
| 3:56 | Vampiric Aura |
| 4:02 | Ghoul |
| 4:24 | Necropolis |
| 4:29 | Cannibalize |
| 4:35 | Ziggurat |
| 5:08 | Halls of the Dead |
| 5:12 | Vampiric Aura |
| 5:55 | Ghoul |
| 5:55 | Ghoul |
| 5:55 | Ghoul |
| 5:55 | Ghoul |
| 6:06 | Acolyte |
| 6:06 | Acolyte |
| 6:07 | Acolyte |
| 6:19 | Ghoul |
| 6:26 | Ziggurat |
| 6:37 | Ziggurat |
| 6:45 | Ghoul |
| 6:58 | Crypt |
| 7:35 | Ghoul |
| 7:52 | Black Citadel |
| 7:56 | Ziggurat |
| 7:57 | Nerubian Tower |
| 8:22 | Graveyard |
| 8:28 | Ghoul |
| 8:28 | Ghoul |
| 8:33 | Potion of Healing |
| 8:45 | Impale |
| 9:04 | Ghoul |
| 9:05 | Ghoul |
| 9:05 | Ghoul |
| 9:05 | Ghoul |
| 9:05 | Ghoul |
| 9:13 | Potion of Mana |
| 9:33 | Ghoul |
| 9:49 | Carrion Swarm |
| 10:07 | Ghoul |
| 10:07 | Ghoul |
| 10:07 | Ghoul |
| 10:10 | Unholy Strength |
| 10:17 | Ghoul |
| 10:17 | Ghoul Frenzy |
| 10:37 | Ghoul |
| 10:51 | Carrion Beetles |
| 11:00 | Acolyte |
| 11:00 | Acolyte |
| 11:12 | Ghoul |
| 11:18 | Boneyard |
| 11:24 | Boneyard |
| 11:51 | Necropolis |
| 12:04 | Creature Attack |
| 12:39 | Orb of Corruption |
| 12:39 | Scroll of Healing |
| 12:45 | Ghoul |
| 12:58 | Frost Nova |
| 13:03 | Freezing Breath |
| 13:04 | Frost Wyrm |
| 13:05 | Frost Wyrm |
| 13:11 | Ghoul |
| 13:17 | Spirit Tower |
| 13:38 | Frost Wyrm |
| 13:42 | Acolyte |
| 13:42 | Acolyte |
| 13:52 | Scroll of Town Portal |
| 14:53 | Acolyte |
| 14:53 | Acolyte |
| 14:53 | Acolyte |
| 14:53 | Acolyte |
| 15:28 | Frost Wyrm |
| Right click | 658 |
| Select | 340 |
| Select group | 281 |
| Build/train/purchase | 97 |
| Misc. action | 47 |
| Use ability | 29 |
| Assign group | 25 |
| Remove unit | 5 |
โ